 Dungeon Crawl Stone Soup version 0.29-a0-998-g1987434951 (webtiles) character file.

Game seed: 8033541887288125778

6153 IdlyInterested the Basher (level 10, -8/77 HPs)
             Began as a Demonspawn Gladiator on Aug 5, 2022.
             Mangled by Gastronok (20 damage)
             ... on level 10 of the Dungeon.
             The game lasted 00:26:08 (8787 turns).

IdlyInterested the Basher (Demonspawn Gladiator)    Turns: 8787, Time: 00:26:09

Health: -8/77      AC: 23    Str: 15    XL:     10   Next: 59%
Magic:  13/13      EV: 11    Int: 13    God:
Gold:   147        SH:  0    Dex: 15    Spells: 13/13 levels left

rFire   + . .      SeeInvis .   E - +2 dire flail (protect)
rCold   + + .      Faith    .   (shield currently unavailable)
rNeg    . . .      Spirit   .   W - +1 chain mail {rC+}
rPois   .          Reflect  .   c - +0 helmet
rElec   +          Harm     .   w - scarf {rC+ rF+}
rCorr   +          Rampage  .   G - +0 pair of gloves
Will    .....                   (no boots)
Stlth   ..........              r - amulet of regeneration
HPRegen 1.02/turn               f - ring of resist corrosion
MPRegen 0.13/turn               k - +4 ring of evasion

@: under a protective aura
A: thin metallic scales 3, powered by death 3, condensation shield
a: no special abilities


You were on level 10 of the Dungeon.
You visited 2 branches of the dungeon, and saw 11 of its levels.

You collected 439 gold pieces.
You spent 292 gold pieces at shops.

Inventory:

Hand Weapons
 x - a +2 hammer of draining
 E - a +2 dire flail of protection (weapon)
 H - a +0 morningstar
Missiles
 d - 2 throwing nets
 e - a javelin
 N - 12 poisoned darts (quivered)
Armour
 c - a +0 helmet (worn)
 s - a +0 chain mail
 w - a scarf of resistance (worn)
 z - a +0 cloak
 F - a +0 leather armour of cold resistance
 G - a +0 pair of gloves (worn)
 Q - a +2 robe of willpower
 U - a +0 helmet
 W - a +1 chain mail of cold resistance (worn)
 Y - a +0 plate armour
Magical Staves
 A - a staff of death
Jewellery
 f - a ring of resist corrosion (left hand)
 k - a +4 ring of evasion (right hand)
 r - an amulet of regeneration (around neck)
 M - an amulet of regeneration
 T - a ring of fire
 X - a ring of resist corrosion
Wands
 a - a wand of mindburst (7)
 o - a wand of roots (15)
 y - a wand of flame (18)
 O - a wand of charming (11)
Scrolls
 b - a scroll of teleportation {unknown}
 g - 5 scrolls of identify {unknown}
 i - 2 scrolls of blinking {unknown}
 j - 2 scrolls of magic mapping {unknown}
 p - a scroll of enchant weapon {unknown}
 q - a scroll of summoning {unknown}
 t - a scroll of vulnerability {unknown}
 u - a scroll of torment {unknown}
 B - 2 scrolls of poison {unknown}
 C - 2 scrolls of enchant armour {unknown}
 D - a scroll of butterflies {unknown}
 L - a scroll of noise {unknown}
Potions
 h - a potion of attraction {unknown}
 l - 2 potions of magic {unknown}
 m - 2 potions of heal wounds
 n - 2 potions of flight {unknown}
 v - 2 potions of haste {unknown}
 I - a potion of degeneration {unknown}
 J - 3 potions of berserk rage {unknown}
 K - 2 potions of curing {unknown}
 P - 2 potions of cancellation {unknown}
 S - a potion of lignification {unknown}
 V - a potion of mutation {unknown}


   Skills:
 + Level 6.7 Fighting
 * Level 12.5 Maces & Flails
 - Level 2.0 Throwing
 - Level 4.0 Armour
 - Level 2.6 Dodging
 - Level 2.0 Stealth
 - Level 2.0 Spellcasting
 - Level 2.0 Evocations


You had 13 spell levels left.
You didn't know any spells.
Your spell library contained the following spells:

 Spells                   Type           Power      Damage    Failure   Level
 Ensorcelled Hibernation  Hex/Ice        2%         N/A       100%        2
 Call Canine Familiar     Summ           1%         N/A       100%        3
 Ozocubu's Armour         Ice            1%         N/A       100%        3
 Portal Projectile        Hex/Tloc       2%         N/A       100%        3
 Spider Form              Tmut/Pois      1%         N/A       100%        3
 Anguish                  Hex/Necr       0%         N/A       100%        4
 Leda's Liquefaction      Hex/Erth       0%         N/A       100%        4
 Ozocubu's Refrigeration  Ice            0%         4d7       100%        7


Dungeon Overview and Level Annotations

Branches:
Dungeon (10/15)            Temple (1/1) D:7            Lair (0/5) D:8
    Orc: D:9-12

Altars:
Dithmenos
Fedhas
Gozag
Kikubaaqudgha
Makhleb
Nemelex Xobeh
Okawaru
Qazlal
Ru
Sif Muna
Trog
Uskayaw
Vehumet
Wu Jian
Xom
Yredelemnul

Shops:
D:3 [

Annotations:
D:10 Gastronok


Innate Abilities, Weirdness & Mutations

You are completely covered in thin metallic scales. (AC +4, rElec)
You regenerate a lot of health from kills.
A meltable shield of frost defends you. (SH +0)


Message History

Gastronok chants a spell, wobbling all the while.
Gastronok puts on a burst of speed!
Gastronok completely misses you.
Items here: ! ) [ †.
You sock Gastronok!
Gastronok is lightly wounded.
You sock Gastronok!
Gastronok is lightly wounded.
Gastronok bites you!!
* * * LOW HITPOINT WARNING * * *
It was a potion of heal wounds.
You feel much better.
Gastronok waves his eye-stalks in wide circles.
The air twists around and strikes you!!
* * * LOW HITPOINT WARNING * * *
You hit Gastronok.
Gastronok is lightly wounded.
You hit Gastronok.
Gastronok is lightly wounded.
You feel much better.
You feel a sudden, passing aversion to salt.
You impale Gastronok!!
Gastronok is moderately wounded.
Gastronok bites you!!
* * * LOW HITPOINT WARNING * * *
Throw: 3 throwing nets
Press: ? - help, Shift-Dir - straight line, f/p - Gastronok
Aim: Gastronok, wearing a +0 hat of willpower (moderately wounded, covering ground quickly, 94% to hit, immune to nets)
You throw a throwing net. The throwing net hits Gastronok.
Gastronok is too large for the net to hold!
Gastronok is moderately wounded.
You feel yourself speed up.
Throw: dart (curare)
Press: ? - help, Shift-Dir - straight line, f/p - Gastronok
Aim: Gastronok, wearing a +0 hat of willpower (moderately wounded, covering ground quickly, 94% to hit)
You throw a curare-tipped dart. The curare-tipped dart hits Gastronok.
Gastronok is poisoned.
Gastronok convulses.
Gastronok seems to slow down.
Gastronok is moderately wounded.
Gastronok bites you!!
You die...

#####..# #..
......# #..
.....# .######
####..
....#........
......
...#........
......
..#........
...... #.#......
...... #.#..?.#
#..... #@##...#
#..... #w.'...#
#.>... #..#...#
#.####
########..#...#
.......<..#...#
..........#...#
..........#w..#
..........#....
..........#.....


You could see Gastronok (swift, very poisoned, slow).

Vanquished Creatures
  Erica (D:10)
  A komodo dragon (D:8)
  2 wraiths (D:10)
  2 wyverns
  11 yaks
  2 basilisks (D:8)
  Edmund (D:4)
  An acid dragon (D:8)
  An orc warrior (D:8)
  A black bear (D:4)
  2 sky beasts
  3 ogres
  2 ice beasts
  A centaur (D:9)
  2 phantoms
  4 bullfrogs
  2 kobold brigands (D:8)
  A necrophage (D:8)
  A gnoll sergeant (D:9)
  3 scorpions
  4 howler monkeys
  6 hounds
  Crazy Yiuf (D:3)
  A gnoll bouda (D:8)
  Terence (D:2)
  5 iguanas
  9 orc wizards
  9 gnolls (D:8)
  6 adders
  A shadow imp (D:6)
  A white imp (D:7)
  A dart slug (D:1)
  27 orcs
  6 ball pythons
  5 bats
  4 endoplasms
  A giant cockroach (D:4)
  8 hobgoblins
  4 quokkas
  8 goblins
  10 kobolds
  3 rats (D:1)
165 creatures vanquished.

Notes
Turn   | Place    | Note
-------+----------+-------------------------------------------
     0 | D:1      | IdlyInterested the Demonspawn Gladiator began the quest for
                  | the Orb.
     0 | D:1      | Reached XP level 1. HP: 16/16 MP: 1/1
   390 | D:1      | Reached skill level 3 in Maces & Flails
   458 | D:1      | Gained mutation: You are partially covered in thin metallic
                  | scales. (AC +2) [demonic ancestry]
   458 | D:1      | Reached XP level 2. HP: 21/22 MP: 2/2
   504 | D:1      | Reached skill level 1 in Stealth
   861 | D:1      | Gained mutation: You are mostly covered in thin metallic
                  | scales. (AC +3) [demonic ancestry]
   861 | D:1      | Reached XP level 3. HP: 27/27 MP: 3/3
   978 | D:1      | Found a faded altar of an unknown god.
  1517 | D:2      | Reached skill level 1 in Evocations
  1626 | D:2      | Found a sacrificial altar of Ru.
  1834 | D:2      | Noticed Terence
  1852 | D:2      | Killed Terence
  1853 | D:2      | Reached skill level 4 in Maces & Flails
  1853 | D:2      | Gained mutation: You are completely covered in thin
                  | metallic scales. (AC +4, rElec) [demonic ancestry]
  1853 | D:2      | Reached XP level 4. HP: 33/33 MP: 3/5
  2125 | D:3      | Found a runed translucent door.
  2126 | D:3      | Noticed Crazy Yiuf
  2134 | D:3      | Killed Crazy Yiuf
  2135 | D:3      | Reached skill level 1 in Spellcasting
  2536 | D:3      | Found Cuduofyt's Antique Armour Shop.
  2647 | D:3      | Found an ornate altar of the Wu Jian Council.
  3019 | D:4      | Noticed a black bear
  3033 | D:4      | Reached skill level 1 in Armour
  3033 | D:4      | Reached XP level 5. HP: 34/38 MP: 6/6
  3047 | D:4      | Killed a black bear
  3048 | D:4      | Reached skill level 5 in Maces & Flails
  3048 | D:4      | Gained mutation: You regenerate a little health from kills.
                  | [demonic ancestry]
  3048 | D:4      | Reached XP level 6. HP: 44/44 MP: 7/7
  3201 | D:4      | Noticed Edmund
  3222 | D:4      | Killed Edmund
  3223 | D:4      | Reached skill level 6 in Maces & Flails
  3511 | D:4      | Found a radiant altar of Vehumet.
  3539 | D:4      | Noticed a yak
  3539 | D:4      | Noticed a yak
  3540 | D:4      | Noticed a yak
  3551 | D:4      | Noticed a yak
  3552 | D:4      | Killed a yak
  3553 | D:4      | Gained mutation: A meltable shield of frost defends you.
                  | (SH +0) [demonic ancestry]
  3553 | D:4      | Reached XP level 7. HP: 52/52 MP: 8/8
  3558 | D:4      | Killed a yak
  3567 | D:4      | Killed a yak
  3568 | D:4      | Reached skill level 7 in Maces & Flails
  3580 | D:4      | Killed a yak
  3581 | D:4      | Gained mutation: You regenerate health from kills. [demonic
                  | ancestry]
  3581 | D:4      | Reached XP level 8. HP: 52/60 MP: 9/9
  3764 | D:5      | Entered Level 5 of the Dungeon
  4057 | D:5      | Reached skill level 8 in Maces & Flails
  4846 | D:3      | Bought a slimy scale mail for 207 gold pieces
  4846 | D:3      | Identified the +1 scale mail of Conscience {rElec} (You
                  | bought it in a shop on level 3 of the Dungeon)
  4946 | D:6      | Reached skill level 9 in Maces & Flails
  5171 | D:6      | Gained mutation: You regenerate a lot of health from kills.
                  | [demonic ancestry]
  5171 | D:6      | Reached XP level 9. HP: 65/65 MP: 10/10
  5453 | D:6      | Found a stormy altar of Qazlal.
  5852 | D:7      | Found a staircase to the Ecumenical Temple.
  5862 | Temple   | Entered the Ecumenical Temple
  6429 | D:3      | Bought a glowing robe for 85 gold pieces
  6689 | D:8      | Reached skill level 10 in Maces & Flails
  6816 | D:8      | Found a hide-covered altar of Uskayaw.
  6824 | D:8      | Identified the +9 sling "Mihut" {speed, Will+ MP+9 Int-2}
  7121 | D:8      | Found a blossoming altar of Fedhas.
  7121 | D:8      | Found a bloodstained altar of Trog.
  7283 | D:8      | Found a shadowy altar of Dithmenos.
  7342 | D:8      | Noticed a komodo dragon
  7354 | D:8      | Killed a komodo dragon
  7420 | D:8      | Reached skill level 11 in Maces & Flails
  7475 | D:8      | Found a staircase to the Lair.
  7514 | D:8      | Reached skill level 5 in Fighting
  7782 | D:8      | Reached XP level 10. HP: 74/74 MP: 13/13
  8290 | D:9      | Found a sparkling altar of Nemelex Xobeh.
  8344 | D:9      | Reached skill level 12 in Maces & Flails
  8584 | D:9      | Found an opulent altar of Gozag.
  8640 | D:10     | Entered Level 10 of the Dungeon
  8748 | D:10     | Noticed Erica
  8749 | D:10     | Noticed Gastronok
  8766 | D:10     | Killed Erica
  8781 | D:10     | HP: 3/77 [Gastronok/the air (26)]
  8787 | D:10     | Mangled by Gastronok

Illustrated notes

Levels and vault maps discovered:
D:1:      evilmike_arrival_crescent, layout_basic,
          shapermc_ecumenical_altar_hornbeckon, minmay_vboxes
D:2:      layout_loops_ring, basic_altar, uniq_terence
D:3:      layout_loops_corners, lemuel_coloured_pillars_altar,
          general_overflow_altar, serial_shops, shop, uniq_crazy_yiuf_cottage
D:4:      layout_rooms, mainiacjoe_overflow_paths, uniq_edmund
D:5:      layout_basic
D:6:      layout_basic, lemuel_crystal_altar
D:7:      layout_loops_ring, minmay_temple_entry_slanted,
          minmay_misc_feat_encased
D:8:      layout_basic, eat_drink_and_be_merry_uskayaw,
          nicolae_dithmenos_the_darkroom, gammafunk_temple_overflow_elements,
          erik_lair_dragon
D:9:      layout_rooms, mainiacjoe_overflow_six_doors_small,
          grunt_gozag_breadcrumbs
D:10:     layout_irregular_city, nicolae_overflow_squiral,
          mainiacjoe_overflow_alcove_2, uniq_erica, uniq_gastronok
Temple:   dpeg_three_leaves_temple

Skill      XL: |  1  2  3  4  5  6  7  8  9 10 |
---------------+-------------------------------+-----
Maces & Flails | 3 4 5 6 7 9 11 12 | 12.5
Stealth        | 1 2 |  2.0
Evocations     | 1 2 |  2.0
Spellcasting   | 1 2 |  2.0
Armour         | 1 2 4 |  4.0
Fighting       | 3 4 5 6 |  6.7
Throwing       | 2 |  2.0
Dodging        | |  2.6

Action                   |  1- 3 |  4- 6 |  7- 9 | 10-12 || total
-------------------------+-------+-------+-------+-------++-------
Melee: Flail             |   109 |     2 |       |       ||   111
       Punch             |     1 |       |       |       ||     1
       Mace              |       |    88 |       |       ||    88
       Dire flail        |       |    14 |   411 |   148 ||   573
Throw: Dart              |       |       |       |     1 ||     1
       Throwing net      |       |       |       |     1 ||     1
Evoke: Wand              |       |       |       |     1 ||     1
  Use: Potion            |       |       |       |     2 ||     2
 Stab: Sleeping          |       |     1 |     3 |       ||     4
Armor: Leather armour    |    29 |     5 |   111 |    15 ||   160
       Chain mail        |    17 |    49 |       |    29 ||    95
       Ring mail         |     5 |       |       |       ||     5
       Scale mail        |     2 |       |       |       ||     2
Dodge: Dodged            |    77 |    55 |   194 |    52 ||   378
Block: Other             |       |       |    46 |    16 ||    62

Table legend: (Time is in decaauts)
 A = Elapsed time spent in this place.
 B = Non-inter-level travel time spent in this place.
 C = Inter-level travel time spent in this place.
 D = Time resting spent in this place.
 E = Time spent auto-exploring this place.
 F = Levels seen in this place.
 G = Mean time per level.
                   A        B        C        D        E       F      G
               +--------+--------+--------+--------+--------+-----+--------+
         Total |   8745 |   7013 |   1732 |    299 |   4818 |  11 |  795.0 |
       Dungeon |   8662 |   6944 |   1718 |    299 |   4760 |  10 |  866.2 |
        Temple |     83 |     69 |     14 |      0 |     58 |   1 |   83.0 |
               +--------+--------+--------+--------+--------+-----+--------+

Top non-repeatable levels by time:
     D:8: 1368 daAuts
     D:1: 1316 daAuts
     D:5: 1195 daAuts
     D:3: 1091 daAuts
     D:2: 807 daAuts
     D:4: 769 daAuts
     D:6: 707 daAuts
     D:7: 702 daAuts
     D:9: 630 daAuts
  Temple: 83 daAuts
    D:10: 72 daAuts
